 Dungeon Crawl Stone Soup version 0.20.0-8-g6b59dc7 (webtiles) character file.

385 Amnesiac the Vexing (level 6, -1/32 HPs)
             Began as a Deep Elf Enchanter on May 30, 2017.
             Was an Initiate of Sif Muna.
             Slain by an ice beast (8 damage)
             ... on level 5 of the Dungeon.
             The game lasted 00:06:13 (2973 turns).

Amnesiac the Vexing (Deep Elf Enchanter)            Turns: 2973, Time: 00:06:14

Health: -1/32      AC:  6    Str:  5    XL:     6   Next: 48%
Magic:  0/25       EV: 14    Int: 22    God:    Sif Muna [......]
Gold:   108        SH:  0    Dex: 15    Spells: 3/15 levels left

rFire    . . .     SeeInvis .   a - +1 dagger
rCold    . . .     Gourm    .   (no shield)
rNeg     . . .     Faith    .   b - +0 robe
rPois    .         Spirit   .   (no helmet)
rElec    .         Reflect  .   (no cloak)
rCorr    .         Harm     .   s - +0 pair of gloves
MR       .....                  (no boots)
Stlth    +++.......             g - amulet of inaccuracy (curse)
Regen    0.1/turn               f - ring of magical power
MPRegen  0.2/turn               l - +3 ring of protection

@: no status effects
A: no striking features
a: Renounce Religion


You were on level 5 of the Dungeon.
You worshipped Sif Muna.
Sif Muna was noncommittal.
You were very hungry.

You visited 2 branches of the dungeon, and saw 6 of its levels.

You collected 108 gold pieces.

Inventory:

Hand Weapons
 a - a +1 dagger (weapon)
Missiles
 h - 49 stones (quivered)
 p - 5 tomahawks
Armour
 b - a +0 robe (worn)
 s - a +0 pair of gloves (worn)
Jewellery
 f - a ring of magical power (left hand)
 g - a cursed amulet of inaccuracy (around neck)
 k - an uncursed ring of positive energy
 l - a +3 ring of protection (right hand)
Wands
 t - a wand of disintegration (17/24)
Scrolls
 n - a scroll of recharging {!r}
 q - 3 scrolls of teleportation {!r}
Potions
 e - 2 potions of curing {!q, unknown}
 m - a potion of resistance {!q, unknown}
 o - a potion of cancellation {!q, unknown}
 r - 2 potions of heal wounds {!q, unknown}
 w - 2 potions of haste {!q, unknown}
Books
 c - a book of Maledictions

   Spells                             Type                      Level
   a - Corona                         Hexes                        1
   b - Ensorcelled Hibernation        Hexes/Ice                    2
   c - Confuse                        Hexes                        3
   d - Tukima's Dance                 Hexes                        3
   e - Dazzling Spray                 Conjuration/Hexes            3
Comestibles
 d - a bread ration
 i - 3 meat rations
 j - 2 royal jellies


   Skills:
 - Level 2.8 Short Blades
 - Level 3.4 Dodging
 - Level 4.9 Stealth
 + Level 5.4 Spellcasting
 - Level 6.3 Hexes


You had 3 spell levels left.
You knew the following spells:

 Your Spells              Type           Power        Failure   Level  Hunger
a - Ensorcelled Hibernat  Hex/Ice        ###...       4%          2    None
b - Corona                Hex            ####...      1%          1    None
c - Dazzling Spray        Conj/Hex       ###...       8%          3    ##.....
e - Confuse               Hex            ####....     2%          3    ##.....
w - Tukima's Dance        Hex            ####....     2%          3    ##.....


Dungeon Overview and Level Annotations

Branches:
Dungeon (5/15)             Temple (1/1) D:4

Altars:
Ashenzari
Cheibriados
Dithmenos
Elyvilon
Fedhas
Gozag
Hepliaklqana
Kikubaaqudgha
Makhleb
Nemelex Xobeh
Okawaru
Qazlal
Ru
Sif Muna
Uskayaw
Vehumet
Zin
The Shining One

Shops:
D:5 ?}

Annotations:
D:5 Pikel; zhorgal's ghost, amateur DrWz


Message History

The slave is almost dead.
The slave misses you.
Casting: Confuse
Confirm with . or Enter, or press ? or * to list all spells.
Aiming: Confuse
Press: ? - help, Shift-Dir - straight line, f/p - slave
Aim: a slave, wearing an animal skin (almost dead, chance to defeat MR: 62%)
The slave appears confused.
You hit the slave but do no damage.
The slave is almost dead.
You barely miss the slave.
The slave is almost dead.
You hit the slave.
The slave is almost dead.
The slave hits itself.
You closely miss the slave.
The slave is almost dead.
You hit the slave but do no damage.
The slave is almost dead.
You barely miss the slave.
The slave is almost dead.
You hit the slave but do no damage.
The slave is almost dead.
You see here a scroll of noise {!r}.
You hit the slave but do no damage.
The slave is almost dead.
The ice beast misses you.
You closely miss the slave.
The slave is almost dead.
The ice beast closely misses you. The slave hits you.
You hit the slave but do no damage.
The slave is almost dead.
The ice beast barely misses you.
Casting: Confuse
Confirm with . or Enter, or press ? or * to list all spells.
Aiming: Confuse
Press: ? - help, Shift-Dir - straight line, f/p - slave
Aim: a slave, wearing an animal skin (almost dead, confused, chance to defeat MR: 62%)
The slave resists with significant effort.
The slave barely misses you. The ice beast closely misses you.
You barely miss the slave.
The slave is almost dead.
The slave hits you but does no damage.
The ice beast hits you but does no damage.
You catch the helpless slave completely off-guard!
You puncture the slave!
You kill the slave!
That felt strangely unrewarding.
The ice beast barely misses you.
You see here a scroll of random uselessness {!r}.
The ice beast hits you. The ice beast freezes you!
* * * LOW HITPOINT WARNING * * *
Okay, then.
Okay, then.
The ice beast closely misses you.
Casting: Confuse
Confirm with . or Enter, or press ? or * to list all spells.
Aiming: Confuse
Press: ? - help, Shift-Dir - straight line, f - ice beast
Aim: an ice beast (chance to defeat MR: 62%)
The ice beast resists with significant effort.
The ice beast hits you.
* * * LOW HITPOINT WARNING * * *
The ice beast freezes you!
You die...

########## #.....?..#
#.....∩..# #......?[#
#........###
#....[.....#
#........#.########
#....Y...........)##
#....@...#.........###
######................
#$...............
#.#.##...........
#...##..÷.......(
##...#...........
.................
.................
.....(.........#.


You could see an ice beast.

Vanquished Creatures
  A sky beast (D:5)
  3 slaves (D:5)
  A bullfrog (D:4)
  A hound (D:4)
  3 worker ants (D:4)
  An iguana (D:4)
  A hound skeleton (D:4)
  3 adders
  A shadow imp (D:5)
  An ooze (D:4)
  2 dart slugs
  A leopard gecko (D:4)
  7 orcs
  A ball python (D:3)
  2 bats
  A giant cockroach (D:4)
  7 goblins
  A hobgoblin (D:1)
  2 jackals (D:4)
  4 kobolds
  A quokka (D:4)
  2 frilled lizards (D:3)
  A quokka skeleton (D:4)
  2 rats
50 creatures vanquished.

Vanquished Creatures (others)
  7 toadstools (D:3)
7 creatures vanquished.

Grand Total: 57 creatures vanquished

Notes
Turn   | Place    | Note
-------+----------+-------------------------------------------
     0 | D:1      | Amnesiac the Deep Elf Enchanter began the quest for the Orb.
     0 | D:1      | Reached XP level 1. HP: 10/10 MP: 6/6
   398 | D:1      | Reached XP level 2. HP: 5/15 MP: 8/8
   586 | D:1      | Learned a level 2 spell: Ensorcelled Hibernation
  1154 | D:3      | Reached XP level 3. HP: 9/19 MP: 9/9
  1309 | D:3      | Learned a level 3 spell: Confuse
  1861 | D:4      | Noticed a bullfrog
  1867 | D:4      | Killed a bullfrog
  1867 | D:4      | Reached skill level 5 in Hexes
  1867 | D:4      | Reached XP level 4. HP: 23/24 MP: 11/11
  1874 | D:4      | Learned a level 3 spell: Tukima's Dance
  1942 | D:4      | Reached XP level 5. HP: 28/28 MP: 12/12
  2089 | D:4      | Reached skill level 6 in Hexes
  2490 | D:4      | Reached XP level 6. HP: 32/32 MP: 13/13
  2495 | D:4      | Learned a level 3 spell: Dazzling Spray
  2516 | D:4      | Found a staircase to the Ecumenical Temple.
  2615 | Temple   | Entered the Ecumenical Temple
  2731 | Temple   | Became a worshipper of Sif Muna the Loreminder
  2785 | D:5      | Entered Level 5 of the Dungeon
  2785 | D:5      | Found Hugimesch's Gadget Boutique.
  2785 | D:5      | Noticed Pikel
  2785 | D:5      | Noticed a slave
  2785 | D:5      | Noticed a slave
  2785 | D:5      | Noticed a slave
  2787 | D:5      | Noticed a slave
  2787 | D:5      | Noticed zhorgal's ghost (amateur DrWz)
  2823 | D:5      | Killed a slave
  2824 | D:5      | Noticed a sky beast
  2840 | D:5      | Killed a sky beast
  2840 | D:5      | Reached skill level 5 in Spellcasting
  2911 | D:5      | Noticed an ice beast
  2922 | D:5      | Found Idoluerre's Magic Scroll Shoppe.
  2939 | D:5      | Killed a slave
  2962 | D:5      | Killed a slave
  2973 | D:5      | Slain by an ice beast

Skill      XL: |  1  2  3  4  5  6 |
---------------+-------------------+-----
Short Blades   | 2 |  2.8
Stealth        | 4 |  4.9
Dodging        | 3 |  3.4
Hexes          | 5 6 |  6.3
Spellcasting   | 5 |  5.4

Action                   |  1- 3 |  4- 6 || total
-------------------------+-------+-------++-------
Melee: Dagger            |    65 |    61 ||   126
 Cast: Corona            |     6 |       ||     6
       Ensorcelled Hiber |    27 |    23 ||    50
       Confuse           |       |    10 ||    10
       Dazzling Spray    |       |     2 ||     2
  Use: Scroll            |     3 |     2 ||     5
 Stab: Sleeping          |    21 |    16 ||    37
       Confused          |       |     3 ||     3
       Invisible         |       |     1 ||     1
  Eat: Chunk             |     3 |     4 ||     7
Armor: Robe              |    15 |    19 ||    34
Dodge: Dodged            |    49 |    42 ||    91
